[ AOE2 MATCH · #479889393 ]
UnrankedKhitans vs None
Rival team · WIN
[ REPLAY ANALYSIS · EXTRACTED FROM THE RECORDED GAME ]
Feudal
10:22
Castle
—
Imperial
—
| APM avg | 49.3 |
| APM peak | 71 |
| eAPM avg | 14.1 |
| Villagers / military | 44 / 11 |
Focus
⚔️ 17.9% · 🌾 82.1%
Scout Cavalry ×11
Feudal
9:20
Castle
21:02
Imperial
—
| APM avg | 61.6 |
| APM peak | 91 |
| eAPM avg | 14.1 |
| Villagers / military | 41 / 23 |
Focus
⚔️ 20.6% · 🌾 79.4%
Archer ×14 · Spearman ×9
Match map
Initial resources + every placement click. Lines = walls · curves = elevation contours. ◆ gold · ⬟ stone · ● berries · ✦ relic · ◌ wall gap
Your base· Open — unwalled flank
momo's base· Open — unwalled flank
Smoothed initial terrain · ◌ = detected wall gap · hover for details
Inputs per minute
— 逐曦者 - - momo
Build order — 逐曦者
90 actions detected in the replay
| 0:00 | Create | Villager (Male) |
| 0:01 | Create | Villager (Male) |
| 0:01 | Create | Villager (Male) |
| 0:02 | Build | House |
| 0:05 | Build | House |
| 0:49 | Create | Villager (Male) |
| 0:49 | Create | Villager (Male) |
| 1:23 | Build | Lumber Camp |
| 1:28 | Create | Villager (Male) |
| 2:14 | Create | Villager (Male) |
| 2:14 | Create | Villager (Male) |
| 2:42 | Create | Villager (Male) |
| 2:42 | Create | Villager (Male) |
| 3:21 | Create | Villager (Male) |
| 3:21 | Create | Villager (Male) |
| 3:21 | Create | Villager (Male) |
| 4:40 | Create | Villager (Male) |
| 4:40 | Create | Villager (Male) |
| 4:40 | Create | Villager (Male) |
| 4:40 | Create | Villager (Male) |
| 5:02 | Build | House |
| 5:49 | Create | Villager (Male) |
| 6:09 | Create | Villager (Male) |
| 6:42 | Create | Villager (Male) |
| 6:47 | Create | Villager (Male) |
| 7:03 | Build | Barracks |
| 7:22 | Build | Mill |
| 7:35 | Build | House |
| 7:47 | Research | Loom |
| 8:09 | Research | Feudal Age |
| 8:10 | Research | Feudal Age |
| 8:22 | Build | Palisade Wall |
| 9:00 | Build | Mining Camp |
| 9:24 | Build | Palisade Wall |
| 10:04 | Build | Palisade Wall |
| 10:22 | Age | Feudal Age |
| 10:26 | Build | Watch Tower |
| 10:37 | Build | Stable |
| 10:43 | Create | Villager (Male) |
| 10:44 | Create | Villager (Male) |
| 10:44 | Create | Villager (Male) |
| 11:08 | Create | Villager (Male) |
| 11:28 | Create | Villager (Male) |
| 11:35 | Create | Scout Cavalry |
| 11:35 | Create | Scout Cavalry |
| 11:49 | Build | House |
| 12:17 | Build | House |
| 12:26 | Build | Blacksmith |
| 12:33 | Create | Scout Cavalry |
| 12:34 | Create | Villager (Male) |
| 12:35 | Create | Villager (Male) |
| 12:35 | Create | Villager (Male) |
| 12:44 | Build | House |
| 14:14 | Build | House |
| 14:18 | Create | Villager (Male) |
| 14:18 | Create | Villager (Male) |
| 14:23 | Build | Pasture |
| 14:25 | Build | Pasture |
| 14:49 | Research | Scale Barding Armor |
| 14:49 | Research | Scale Barding Armor |
| 15:37 | Build | Lumber Camp |
| 15:52 | Create | Scout Cavalry |
| 15:52 | Create | Scout Cavalry |
| 15:52 | Create | Scout Cavalry |
| 16:22 | Build | Pasture |
| 16:23 | Build | Pasture |
| 16:30 | Create | Villager (Male) |
| 16:30 | Create | Villager (Male) |
| 17:15 | Create | Scout Cavalry |
| 17:15 | Create | Scout Cavalry |
| 17:52 | Build | Pasture |
| 17:59 | Create | Villager (Male) |
| 17:59 | Create | Villager (Male) |
| 18:02 | Create | Villager (Male) |
| 18:02 | Create | Villager (Male) |
| 18:30 | Build | Pasture |
| 18:33 | Create | Villager (Male) |
| 18:33 | Create | Villager (Male) |
| 18:54 | Build | House |
| 19:03 | Create | Villager (Male) |
| 19:09 | Create | Villager (Male) |
| 19:51 | Create | Villager (Male) |
| 19:51 | Create | Villager (Male) |
| 20:10 | Build | Palisade Wall |
| 20:16 | Create | Scout Cavalry |
| 20:16 | Create | Scout Cavalry |
| 20:30 | Build | Pasture |
| 20:42 | Create | Villager (Male) |
| 20:54 | Create | Scout Cavalry |
| 21:14 | Build | Pasture |
Build order — momo
128 actions detected in the replay
| 0:00 | Create | Villager (Male) |
| 0:01 | Create | Villager (Male) |
| 0:02 | Build | House |
| 0:03 | Build | House |
| 0:21 | Create | Villager (Male) |
| 0:22 | Create | Villager (Male) |
| 1:26 | Create | Villager (Male) |
| 1:43 | Create | Villager (Male) |
| 1:43 | Create | Villager (Male) |
| 1:50 | Build | Lumber Camp |
| 1:58 | Create | Villager (Male) |
| 2:24 | Create | Villager (Male) |
| 2:40 | Create | Villager (Male) |
| 2:40 | Create | Villager (Male) |
| 3:01 | Create | Villager (Male) |
| 3:24 | Build | House |
| 3:27 | Create | Villager (Male) |
| 3:46 | Create | Villager (Male) |
| 4:04 | Build | Mill |
| 4:08 | Create | Villager (Male) |
| 5:08 | Create | Villager (Male) |
| 5:22 | Create | Villager (Male) |
| 5:45 | Create | Villager (Male) |
| 5:45 | Create | Villager (Male) |
| 5:55 | Research | Loom |
| 6:58 | Build | Lumber Camp |
| 7:10 | Research | Feudal Age |
| 7:10 | Research | Feudal Age |
| 7:50 | Build | Barracks |
| 8:35 | Build | House |
| 8:48 | Build | Mining Camp |
| 9:13 | Create | Villager (Male) |
| 9:20 | Age | Feudal Age |
| 9:23 | Build | Archery Range |
| 9:29 | Create | Villager (Male) |
| 9:56 | Create | Villager (Male) |
| 10:05 | Build | House |
| 10:11 | Research | Double-Bit Axe |
| 10:15 | Create | Archer |
| 10:18 | Build | Blacksmith |
| 10:29 | Create | Villager (Male) |
| 10:45 | Create | Archer |
| 10:57 | Create | Villager (Male) |
| 11:02 | Build | House |
| 11:04 | Create | Villager (Male) |
| 11:07 | Build | House |
| 11:08 | Create | Archer |
| 11:20 | Create | Spearman |
| 11:22 | Create | Villager (Male) |
| 11:27 | Build | Farm |
| 11:33 | Build | Farm |
| 11:33 | Build | Farm |
| 11:38 | Build | Palisade Wall |
| 11:43 | Create | Archer |
| 11:48 | Build | Palisade Wall |
| 11:52 | Create | Villager (Male) |
| 11:59 | Create | Spearman |
| 12:11 | Build | Farm |
| 12:13 | Build | Farm |
| 12:33 | Build | Farm |
| 12:33 | Create | Villager (Male) |
| 12:35 | Create | Archer |
| 12:55 | Build | Farm |
| 13:01 | Build | Palisade Gate |
| 13:04 | Create | Villager (Male) |
| 13:11 | Build | House |
| 13:16 | Create | Archer |
| 13:22 | Research | Fletching |
| 13:32 | Build | Farm |
| 13:35 | Create | Villager (Male) |
| 13:50 | Build | Farm |
| 14:01 | Build | Palisade Wall |
| 14:06 | Create | Villager (Male) |
| 14:07 | Create | Villager (Male) |
| 14:08 | Create | Archer |
| 14:15 | Create | Spearman |
| 14:31 | Build | Farm |
| 14:39 | Build | Farm |
| 14:43 | Build | House |
| 14:57 | Create | Villager (Male) |
| 14:57 | Create | Villager (Male) |
| 14:58 | Create | Archer |
| 15:11 | Research | Man-at-Arms (upgrade) |
| 15:25 | Create | Villager (Male) |
| 15:36 | Create | Villager (Male) |
| 15:37 | Create | Archer |
| 15:53 | Create | Archer |
| 15:57 | Build | Farm |
| 15:57 | Build | Farm |
| 15:58 | Create | Villager (Male) |
| 16:23 | Build | House |
| 16:25 | Build | House |
| 16:35 | Build | Farm |
| 16:43 | Create | Spearman |
| 16:51 | Build | Farm |
| 16:52 | Build | Farm |
| 16:59 | Build | House |
| 17:11 | Build | Farm |
| 17:11 | Build | Farm |
| 17:11 | Build | Farm |
| 17:11 | Build | Farm |
| 17:12 | Build | Farm |
| 17:34 | Build | House |
| 17:46 | Create | Villager (Male) |
| 17:48 | Create | Archer |
| 18:16 | Create | Villager (Male) |
| 18:22 | Research | Castle Age |
| 19:00 | Research | Gold Mining |
| 19:05 | Research | Padded Archer Armor |
| 19:09 | Build | House |
| 19:11 | Build | Palisade Wall |
| 19:32 | Create | Spearman |
| 19:35 | Build | House |
| 19:37 | Create | Archer |
| 19:38 | Create | Archer |
| 19:44 | Create | Spearman |
| 20:02 | Build | Mining Camp |
| 20:06 | Build | House |
| 20:10 | Create | Archer |
| 20:14 | Create | Spearman |
| 20:44 | Create | Spearman |
| 20:44 | Create | Spearman |
| 20:51 | Build | House |
| 21:00 | Create | Villager (Male) |
| 21:00 | Create | Villager (Male) |
| 21:02 | Age | Castle Age |
| 21:10 | Build | Town Center |
| 21:15 | Research | Bodkin Arrow |
Match timeline
| 7:03 | 逐曦者 · first_building Barracks |
| 7:50 | momo · first_building Barracks |
| 8:22 | 逐曦者 · wall_segment Palisade Wall x5 |
| 9:20 | momo · age_up feudal |
| 9:23 | momo · first_building Archery Range |
| 9:24 | 逐曦者 · wall_segment Palisade Wall x2 |
| 10:04 | 逐曦者 · wall_segment Palisade Wall x7 |
| 10:22 | 逐曦者 · age_up feudal |
| 10:37 | 逐曦者 · first_building Stable |
| 11:38 | momo · wall_segment Palisade Wall x13 |
| 11:48 | momo · wall_segment Palisade Wall x15 |
| 14:01 | momo · wall_segment Palisade Wall x10 |
| 19:11 | momo · wall_segment Palisade Wall x1 |
| 20:10 | 逐曦者 · wall_segment Palisade Wall x5 |
| 21:02 | momo · age_up castle |
| 21:21 | 逐曦者 · resign |
[ AI ANALYSIS · 1 CREDIT ]
What really happened in this match?
Wolo.gg analyzes every decision: build order, eco, micro, common mistakes by bracket. Personalized analysis on WhatsApp or Discord in 30 seconds.
Civ guide
Khitans
Perfil
Jugador #5923622